Map: Cyber Forest LE

Players

DieZaCRo - Winner!

  • Race: Zerg Zerg
  • League: Master
  • Spawn Location: 11:00

blitzkrieg

  • Race: Protoss Protoss
  • League: Master
  • Spawn Location: 5:00

VOD

Have the link to the VOD?

Description

Time

  • Played on: May 14, 2019, 11:33 a.m.
  • Length: 3:49
Show
View Real Time Build Order
Export as new Build Order

DieZaCRo Zerg - Winner!

Build Orders: Hatch First 

Get SALT Encoding   

  12  0:01  Drone  
  13  0:12  Overlord  
  13  0:17  Drone  
  14  0:30  Drone x2  
  14  0:35  Drone  
  17  0:51  Hatchery  
  17  0:54  Drone  
  17  0:58  Drone  
  18  1:15  Spawning Pool  
  17  1:26  Drone x2  
  19  1:38  Drone  
  20  2:02  Spine Crawler  
  20  2:05  Queen, Spine Crawler  
  20  2:06  Zergling x6  
  23  2:08  Zergling x2  
  23  2:15  Zergling x2  
  25  2:22  Zergling x2  
  26  2:27  Zergling x2  
  27  2:34  Overlord  
  23  2:51  Zergling x2  
  23  2:52  Zergling x6  
  23  2:58  Queen  
  26  3:20  Extractor  
  26  3:22  Extractor  
  26  3:23  Roach Warren  
  23  3:29  Drone x3  
Show
View Real Time Build Order
Export as new Build Order

blitzkrieg Protoss 

Build Orders: Cannon Rush 

Get SALT Encoding   

  12  0:01  Probe  
  13  0:13  Probe  
  14  0:18  Pylon  
  14  0:25  Probe  
  15  0:37  Forge  
  15  0:43  Probe  
  16  0:58  Pylon  
  16  1:01  Pylon  
  16  1:06  Pylon  
  16  1:17  Photon Cannon  
  16  1:21  Gateway  
  16  1:28  Pylon  
  16  1:49  Photon Cannon  
  16  1:59  Photon Cannon  
  16  2:08  Photon Cannon  
  16  2:12  Assimilator  
  16  2:16  Cybernetics Core  
  16  2:24  Zealot  
  16  2:27  Photon Cannon  
  18  2:43  Photon Cannon  
  18  2:50  Pylon  
  18  3:12  Photon Cannon  
  18  3:21  Probe  
  17  3:30  Probe  
  17  3:32  Assimilator  
  18  3:35  Photon Cannon  
  18  3:38  Shield Battery  
  18  3:41  Photon Cannon  
Tags
 
Add a new tag
Caveats
  • Supply blocks, unpowered buildings, or Contaminate may cause inaccurate times.
  • Supply counts are checked every 10 seconds.